| TOP OF THE 1ST |
|
New Orleans Zephyrs batting - Pitching for Louisville Bats : LHP Dave Rivera
|
|
Pitching: LHP Dave Rivera
|
|
|
Batting: SHB Ramon Martinez
|
0-0: Called Strike 0-1: Ground out 6-3 (Groundball, 6, EV 75.6 MPH)
|
|
Batting: RHB Omar Contreras
|
0-0: SINGLE (Groundball, 56D, EV 105.0 MPH)
|
|
Batting: RHB Gebre-Giorgios Tikolo
|
0-0: Ball 1-0: Called Strike 1-1: Called Strike 1-2: Ball 2-2: Ball Wild Pitch! Omar Contreras to second 3-2: Base on Balls
|
|
Batting: RHB Chris Lee
|
0-0: Called Strike 0-1: Swinging Strike 0-2: Strikes out swinging
|
|
Batting: RHB Jesus Castillo
|
0-0: Swinging Strike 0-1: Foul Ball, location: 2F 0-2: Foul Ball, location: 2F 0-2: Ball Wild Pitch! Omar Contreras to third Gebre-Giorgios Tikolo to second 1-2: Strikes out swinging
|
| Top of the 1st over - 0 runs, 1 hit, 0 errors, 2 left on base; New Orleans 0 - Louisville 0 |
| BOTTOM OF THE 1ST |
|
Louisville Bats batting - Pitching for New Orleans Zephyrs : LHP Geoff Goss
|
|
Pitching: LHP Geoff Goss
|
|
|
Batting: RHB Danny Real
|
0-0: Ball 1-0: Called Strike 1-1: Swinging Strike 1-2: Foul Ball, location: 2F 1-2: SOLO HOME RUN (Flyball, 7LD, EV 95.6 MPH), Distance : 337 ft
|
|
Batting: RHB Chase Briney
|
0-0: Called Strike 0-1: Fly out, F9 (Flyball, 89D, EV 106.3 MPH)
|
|
Batting: LHB Randy Racine
|
0-0: Ball 1-0: Called Strike 1-1: Ball 2-1: Foul Ball, location: 2F 2-2: Foul Ball, location: 2F 2-2: Ball 3-2: Fly out, F2 (Popup, 5SF, EV 77.5 MPH)
|
|
Batting: SHB Freddie Farrar
|
0-0: Called Strike 0-1: Fly out, F9 (Flyball, 9D, EV 104.4 MPH)
|
| Bottom of the 1st over - 1 run, 1 hit, 0 errors, 0 left on base; New Orleans 0 - Louisville 1 |
| TOP OF THE 2ND |
|
New Orleans Zephyrs batting - Pitching for Louisville Bats : LHP Dave Rivera
|
|
Batting: RHB Bill de Jesus
|
0-0: Ground out 5-3 (Groundball, 5, EV 81.9 MPH)
|
|
Batting: RHB Kyle Ashton
|
0-0: Called Strike 0-1: Foul Ball, location: 2F 0-2: Strikes out swinging
|
|
Batting: LHB Gustavo Patella
|
0-0: Called Strike 0-1: Ball 1-1: Ball 2-1: Swinging Strike 2-2: Foul Ball, location: 2F 2-2: Ball 3-2: Strikes out swinging, 2-3 out at first.
|
| Top of the 2nd over - 0 runs, 0 hits, 0 errors, 0 left on base; New Orleans 0 - Louisville 1 |
| BOTTOM OF THE 2ND |
|
Louisville Bats batting - Pitching for New Orleans Zephyrs : LHP Geoff Goss
|
|
Batting: SHB Tim Utz
|
0-0: Ball 1-0: Ball 2-0: Ball 3-0: Base on Balls
|
|
Batting: SHB Paul Sandoval
|
0-0: Called Strike 0-1: Foul Ball, location: 2F 0-2: Ball 1-2: Fly out, F9 (Flyball, 9LM, EV 90.6 MPH)
|
|
Batting: RHB Estanislau Gosendes
|
0-0: Fielders Choice at 2nd, 6-4 (Groundball, 56, EV 85.0 MPH)
|
|
Batting: RHB Gerald de Vries
|
0-0: SINGLE (Groundball, 5, EV 105.6 MPH) Estanislau Gosendes to second
|
|
Batting: RHB Yasusaburo Kuwahara
|
0-0: Foul Ball, location: 2F 0-1: SINGLE (Groundball, 23, EV 69.4 MPH) (infield hit) Estanislau Gosendes to third Gerald de Vries to second
|
|
Batting: RHB Danny Real
|
0-0: Fly out, F9 (Flyball, 89D, EV 92.5 MPH)
|
| Bottom of the 2nd over - 0 runs, 2 hits, 0 errors, 3 left on base; New Orleans 0 - Louisville 1 |
| TOP OF THE 3RD |
|
New Orleans Zephyrs batting - Pitching for Louisville Bats : LHP Dave Rivera
|
|
Batting: RHB Katsutaka Inouye
|
0-0: Called Strike 0-1: Foul Ball, location: 2F 0-2: Ball 1-2: Ball 2-2: Ball 3-2: Foul Ball, location: 2F 3-2: Strikes out looking
|
|
Batting: SHB Ramon Martinez
|
0-0: Fly out, F8 (Flyball, 89M, EV 91.9 MPH)
|
|
Batting: RHB Omar Contreras
|
0-0: Called Strike 0-1: Ball 1-1: SINGLE (Groundball, 34S, EV 72.5 MPH) (infield hit)
|
|
Batting: RHB Gebre-Giorgios Tikolo
|
0-0: Ball 1-0: Foul Ball, location: 2F 1-1: Ball 2-1: Foul Ball, location: 2F 2-2: Strikes out looking
|
| Top of the 3rd over - 0 runs, 1 hit, 0 errors, 1 left on base; New Orleans 0 - Louisville 1 |
| BOTTOM OF THE 3RD |
|
Louisville Bats batting - Pitching for New Orleans Zephyrs : LHP Geoff Goss
|
|
Batting: RHB Chase Briney
|
0-0: Called Strike 0-1: Ground out 6-3 (Groundball, 6, EV 84.4 MPH)
|
|
Batting: LHB Randy Racine
|
0-0: Ball 1-0: SINGLE (Flyball, 9, EV 91.3 MPH)
|
|
Batting: SHB Freddie Farrar
|
0-0: Called Strike 0-1: Ball 1-1: Grounds into double play, 5-4-3 (Groundball, 56, EV 86.9 MPH)
|
| Bottom of the 3rd over - 0 runs, 1 hit, 0 errors, 0 left on base; New Orleans 0 - Louisville 1 |
| TOP OF THE 4TH |
|
New Orleans Zephyrs batting - Pitching for Louisville Bats : LHP Dave Rivera
|
|
Batting: RHB Chris Lee
|
0-0: Ball 1-0: Fly out, F5 (Line Drive, 5, EV 69.4 MPH)
|
|
Batting: RHB Jesus Castillo
|
0-0: Ball 1-0: Fly out, F9 (Flyball, 9, EV 93.8 MPH)
|
|
Batting: RHB Bill de Jesus
|
0-0: Ball 1-0: Ball 2-0: Called Strike 2-1: Swinging Strike 2-2: Ball 3-2: Ground out 5-3 (Groundball, 56, EV 91.9 MPH)
|
| Top of the 4th over - 0 runs, 0 hits, 0 errors, 0 left on base; New Orleans 0 - Louisville 1 |
| BOTTOM OF THE 4TH |
|
Louisville Bats batting - Pitching for New Orleans Zephyrs : LHP Geoff Goss
|
|
Batting: SHB Tim Utz
|
0-0: Called Strike 0-1: Ball 1-1: SINGLE (Groundball, 4MD, EV 105.0 MPH)
|
|
Batting: SHB Paul Sandoval
|
0-0: Ball 1-0: Called Strike 1-1: Called Strike 1-2: Fielders Choice at 2nd, 6-4 (Groundball, 6, EV 96.9 MPH)
|
|
Batting: RHB Estanislau Gosendes
|
0-0: Ball 1-0: Called Strike 1-1: Ball 2-1: Ball 3-1: Called Strike 3-2: Foul Ball, location: 2F 3-2: Fly out, F8 (Flyball, 89D, EV 79.4 MPH)
|
|
Batting: RHB Gerald de Vries
|
0-0: Ball Paul Sandoval steals 2nd base 1-0: Ball 2-0: Called Strike 2-1: Ground out 6-3 (Groundball, 6, EV 85.6 MPH)
|
| Bottom of the 4th over - 0 runs, 1 hit, 0 errors, 1 left on base; New Orleans 0 - Louisville 1 |
| TOP OF THE 5TH |
|
New Orleans Zephyrs batting - Pitching for Louisville Bats : LHP Dave Rivera
|
|
Batting: RHB Kyle Ashton
|
0-0: Called Strike 0-1: Ball 1-1: Ball 2-1: Swinging Strike 2-2: Strikes out swinging
|
|
Batting: LHB Gustavo Patella
|
0-0: Called Strike 0-1: Called Strike 0-2: Ball 1-2: Strikes out looking
|
|
Batting: RHB Katsutaka Inouye
|
0-0: SINGLE (Groundball, 34S, EV 69.4 MPH) (infield hit)
|
|
Batting: SHB Ramon Martinez
|
0-0: Ground out 4-3 (Groundball, 4, EV 86.3 MPH)
|
| Top of the 5th over - 0 runs, 1 hit, 0 errors, 1 left on base; New Orleans 0 - Louisville 1 |
| BOTTOM OF THE 5TH |
|
Louisville Bats batting - Pitching for New Orleans Zephyrs : LHP Geoff Goss
|
|
Batting: RHB Yasusaburo Kuwahara
|
0-0: Fly out, F7 (Flyball, 78S, EV 90.0 MPH)
|
|
Batting: RHB Danny Real
|
0-0: Called Strike 0-1: Ball 1-1: Swinging Strike 1-2: Strikes out looking
|
|
Batting: RHB Chase Briney
|
0-0: Ball 1-0: Called Strike 1-1: Ball 2-1: Foul Ball, location: 2F 2-2: DOUBLE (Line Drive, 89D, EV 101.3 MPH)
|
|
Batting: LHB Randy Racine
|
0-0: Foul Ball, location: 2F 0-1: Ball 1-1: Ball 2-1: Called Strike 2-2: Foul Ball, location: 2F 2-2: Ball 3-2: 2-RUN HOME RUN (Flyball, 78XD, EV 108.1 MPH), Distance : 410 ft
|
|
Batting: SHB Freddie Farrar
|
0-0: Foul Ball, location: 2F 0-1: Foul Ball, location: 2F 0-2: Ball 1-2: DOUBLE (Flyball, 78D, EV 108.1 MPH)
|
|
Batting: SHB Tim Utz
|
0-0: Called Strike 0-1: Swinging Strike 0-2: Ball 1-2: Foul Ball, location: 2F 1-2: Ball 2-2: Ball 3-2: Foul Ball, location: 2F 3-2: Foul Ball, location: 2F 3-2: DOUBLE (Line Drive, 89D, EV 111.9 MPH) Freddie Farrar scores
|
|
Batting: SHB Paul Sandoval
|
0-0: Called Strike 0-1: Ball 1-1: Ball 2-1: Foul Ball, location: 2F 2-2: Fly out, F8 (Flyball, 8LXD, EV 103.1 MPH)
|
| Bottom of the 5th over - 3 runs, 4 hits, 0 errors, 1 left on base; New Orleans 0 - Louisville 4 |
| TOP OF THE 6TH |
|
New Orleans Zephyrs batting - Pitching for Louisville Bats : LHP Dave Rivera
|
|
Batting: RHB Omar Contreras
|
0-0: Fly out, F8 (Flyball, 8LXD, EV 99.4 MPH)
|
|
Batting: RHB Gebre-Giorgios Tikolo
|
0-0: Called Strike 0-1: Foul Ball, location: 2F 0-2: Strikes out looking
|
|
Batting: RHB Chris Lee
|
0-0: Foul Ball, location: 2F 0-1: Ball 1-1: Ball 2-1: Reached on error, E6 (Groundball, 6, EV 90.0 MPH)
|
|
Batting: RHB Jesus Castillo
|
0-0: Called Strike 0-1: Ball 1-1: Called Strike 1-2: Ball 2-2: Strikes out swinging
|
| Top of the 6th over - 0 runs, 0 hits, 1 error, 1 left on base; New Orleans 0 - Louisville 4 |
| BOTTOM OF THE 6TH |
|
Louisville Bats batting - Pitching for New Orleans Zephyrs : LHP Geoff Goss
|
|
Batting: RHB Estanislau Gosendes
|
0-0: Ball 1-0: Foul Ball, location: 2F 1-1: Ground out 2-3 (Groundball, 15S, EV 60.6 MPH)
|
|
Batting: RHB Gerald de Vries
|
0-0: Called Strike 0-1: Ball 1-1: Swinging Strike 1-2: Ball 2-2: Strikes out looking
|
|
Batting: RHB Yasusaburo Kuwahara
|
0-0: Ball 1-0: Ball 2-0: Swinging Strike 2-1: Foul Ball, location: 2F 2-2: Strikes out swinging
|
| Bottom of the 6th over - 0 runs, 0 hits, 0 errors, 0 left on base; New Orleans 0 - Louisville 4 |
| TOP OF THE 7TH |
|
New Orleans Zephyrs batting - Pitching for Louisville Bats : LHP Dave Rivera
|
|
Batting: RHB Bill de Jesus
|
0-0: Ball 1-0: Called Strike 1-1: Foul Ball, location: 2F 1-2: SINGLE (Groundball, 34D, EV 99.4 MPH)
|
|
Batting: RHB Kyle Ashton
|
0-0: Swinging Strike 0-1: Ball 1-1: Ball 2-1: Called Strike 2-2: Ball Bill de Jesus steals 2nd base 3-2: Ground out 6-3 (Groundball, 6, EV 82.5 MPH) Bill de Jesus to third
|
|
Batting: LHB Gustavo Patella
|
0-0: Called Strike 0-1: Ball 1-1: Ball 2-1: Called Strike 2-2: Strikes out swinging
|
|
Batting: RHB Katsutaka Inouye
|
0-0: Called Strike 0-1: Ball 1-1: Foul Ball, location: 2F 1-2: Ball 2-2: Ball 3-2: Strikes out swinging
|
| Top of the 7th over - 0 runs, 1 hit, 0 errors, 1 left on base; New Orleans 0 - Louisville 4 |
| BOTTOM OF THE 7TH |
|
Louisville Bats batting - Pitching for New Orleans Zephyrs : LHP Geoff Goss
|
|
Pitching: RHP Mike Myers
|
|
|
Batting: RHB Danny Real
|
0-0: SINGLE (Groundball, 6M, EV 98.1 MPH)
|
|
Batting: RHB Chase Briney
|
0-0: Bunted foul 0-1: Sac Bunt to 2L - play at first, batter OUT! 2-4 Danny Real to second
|
|
Batting: LHB Randy Racine
|
0-0: Ball 1-0: Foul Ball, location: 2F 1-1: Called Strike 1-2: Ball 2-2: Ground out 5-3 (Groundball, 6, EV 80.0 MPH) Danny Real to third
|
|
Batting: SHB Freddie Farrar
|
0-0: Foul Ball, location: 2F 0-1: Ball 1-1: Ground out 5-3 (Groundball, 56S, EV 86.3 MPH)
|
| Bottom of the 7th over - 0 runs, 1 hit, 0 errors, 1 left on base; New Orleans 0 - Louisville 4 |
| TOP OF THE 8TH |
|
New Orleans Zephyrs batting - Pitching for Louisville Bats : LHP Dave Rivera
|
|
Pitching: LHP Logan Moultry
|
|
|
Batting: SHB Ramon Martinez
|
0-0: Ball 1-0: Called Strike 1-1: Ball 2-1: Called Strike 2-2: Ground out 6-3 (Groundball, 6, EV 85.0 MPH)
|
|
Batting: RHB Omar Contreras
|
0-0: Ball 1-0: Called Strike 1-1: Ball 2-1: Ball 3-1: Base on Balls
|
|
Batting: RHB Gebre-Giorgios Tikolo
|
0-0: Ball 1-0: Foul Ball, location: 2F 1-1: Fielders Choice at 2nd, 3-6 (Groundball, 34S, EV 86.9 MPH)
|
|
Batting: RHB Chris Lee
|
0-0: Called Strike 0-1: Swinging Strike 0-2: Ball 1-2: Strikes out swinging
|
| Top of the 8th over - 0 runs, 0 hits, 0 errors, 1 left on base; New Orleans 0 - Louisville 4 |
| BOTTOM OF THE 8TH |
|
Louisville Bats batting - Pitching for New Orleans Zephyrs : RHP Mike Myers
|
|
Pitching: RHP Mike Powell
|
|
|
Batting: SHB Tim Utz
|
0-0: Fly out, F7 (Flyball, 78XD, EV 89.4 MPH)
|
|
Batting: SHB Paul Sandoval
|
0-0: SINGLE (Line Drive, 8RM, EV 103.1 MPH)
|
|
Batting: RHB Estanislau Gosendes
|
0-0: Ball 1-0: Fly out, F8 (Flyball, 89M, EV 84.4 MPH)
|
|
Batting: RHB Gerald de Vries
|
0-0: Called Strike 0-1: Ball 1-1: Fielders Choice at 2nd, 6-4 (Groundball, 6, EV 100.6 MPH)
|
| Bottom of the 8th over - 0 runs, 1 hit, 0 errors, 1 left on base; New Orleans 0 - Louisville 4 |
| TOP OF THE 9TH |
|
New Orleans Zephyrs batting - Pitching for Louisville Bats : LHP Logan Moultry
|
|
Pitching: RHP Casey Truax
|
|
|
Batting: RHB Jesus Castillo
|
0-0: Foul Ball, location: 2F 0-1: Ball 1-1: Ball 2-1: Swinging Strike 2-2: Foul Ball, location: 2F 2-2: Foul Ball, location: 2F 2-2: Ball 3-2: Strikes out looking
|
|
Batting: RHB Bill de Jesus
|
0-0: Ground out U3 (Groundball, 3, EV 85.0 MPH)
|
|
Batting: RHB Kyle Ashton
|
0-0: Called Strike 0-1: Ball 1-1: Called Strike 1-2: Strikes out swinging
|
| Top of the 9th over - 0 runs, 0 hits, 0 errors, 0 left on base; New Orleans 0 - Louisville 4 |
|